 Dungeon Crawl Stone Soup version 0.20-a0-382-g289d6af (webtiles) character file.

3171 Da5id the Arsonist (level 9, 0/43 HPs)
             Began as a Vine Stalker Fighter on Dec 28, 2016.
             Was a Priest of Vehumet.
             Slain by a steam dragon (4 damage)
             ... on level 8 of the Dungeon.
             The game lasted 00:10:29 (8618 turns).

Da5id the Arsonist (Vine Stalker Fighter)           Turns: 8618, Time: 00:10:30

Health: 0/43       AC:  6    Str: 19    XL:     9   Next: 94%
Magic:  0/23       EV:  8    Int: 11    God:    Vehumet [***...]
Gold:   235        SH:  9    Dex: 16    Spells: 3/14 levels left

rFire  . . .     SeeInvis .     a - +0 rapier
rCold  . . .     Gourm    .     E - +1 leather armour {rPois}
rNeg   . . .     Faith    .     c - +0 shield
rPois  +         Spirit   +     p - +0 hat
rElec  .         Reflect  .     B - +0 cloak
rCorr  .         Harm     .     K - +0 pair of gloves
MR     +....                    (no boots)
Stlth  +.........               x - amulet of regeneration
                                r - ring of wizardry
                                H - ring of magical power

@: drained
A: fangs 3, agile 1, regeneration 1, magic shield, antimagic bite, no potion
heal 3, rot immunity
a: Renounce Religion


You were on level 8 of the Dungeon.
You worshipped Vehumet.
Vehumet was most pleased with you.
You were not hungry.

You visited 1 branch of the dungeon, and saw 8 of its levels.

You collected 235 gold pieces.

Inventory:

Hand Weapons
 a - a +0 rapier (weapon)
 z - a +2 whip of pain
Armour
 c - a +0 shield (worn)
 p - a +0 hat (worn)
 B - a +0 cloak (worn)
 E - a +1 leather armour of poison resistance (worn)
 K - a +0 pair of gloves (worn)
Jewellery
 n - a +2 ring of strength
 r - a ring of wizardry (right hand)
 x - an amulet of regeneration (around neck)
 y - a +1 ring of evasion
 C - an uncursed amulet of rage {unknown}
 G - an uncursed ring of flight
 H - a ring of magical power (left hand)
Scrolls
 e - 5 scrolls of remove curse
 i - 7 scrolls of identify
 j - 4 scrolls of teleportation
 k - 2 scrolls of immolation
 l - a scroll of random uselessness {unknown}
 s - 3 scrolls of magic mapping
 v - 3 scrolls of fear {unknown}
 D - 4 scrolls of enchant weapon {unknown}
 L - a scroll of amnesia {unknown}
Potions
 d - a potion of might
 h - 3 potions of haste {unknown}
 m - a potion of degeneration
 q - a potion of invisibility {unknown}
 t - a potion of heal wounds {unknown}
 u - a potion of agility {unknown}
 w - 3 potions of flight {unknown}
 A - a potion of berserk rage {unknown}
 I - a potion of cure mutation {unknown}
 N - a potion of cancellation {unknown}
Books
 b - a book of Maledictions

   Spells                             Type                      Level
   a - Corona                         Hexes                        1
   b - Ensorcelled Hibernation        Hexes/Ice                    2
   c - Confuse                        Hexes                        3
   d - Tukima's Dance                 Hexes                        3
   e - Dazzling Spray                 Conjuration/Hexes            3
 M - a book of Conjurations

   Spells                             Type                      Level
   a - Magic Dart                     Conjuration                  1
   b - Searing Ray                    Conjuration                  2
   c - Dazzling Spray                 Conjuration/Hexes            3
   d - Fulminant Prism                Conjuration/Hexes            4
   e - Iskenderun's Mystic Blast      Conjuration                  4
   f - Iskenderun's Battlesphere      Conjuration/Charms           5
Comestibles
 f - 6 bread rations
 g - a beef jerky
 o - 3 meat rations
 F - 2 royal jellies
 J - a slice of pizza


   Skills:
 - Level 2.6(2.0) Fighting
 - Level 5.0(4.3) Short Blades
 - Level 2.4(1.7) Armour
 - Level 2.6(2.0) Shields
 - Level 3.1(2.4) Spellcasting
 + Level 4.3(3.6) Conjurations
 - Level 10.2(9.3) Fire Magic
 - Level 2.5(1.8) Air Magic
 - Level 3.2(2.5) Poison Magic


You had 3 spell levels left.
You knew the following spells:

 Your Spells              Type           Power        Failure   Level  Hunger
a - Flame Tongue          Conj/Fire      ###..        1%          1    ##.....
b - Mephitic Cloud        Conj/Pois/Air  #.......     38%         3    ####...
c - Tukima's Dance        Hex            #.......     99%         3    ####...
d - Sticky Flame          Conj/Fire      ###.....     26%         4    #####..


Dungeon Overview and Level Annotations

Branches:
Dungeon (8/15)             Temple (0/1) D:7
   Lair: D:8-11

Altars:
Ashenzari
Cheibriados
Dithmenos
Qazlal
Ru
Uskayaw
Vehumet
The Shining One

Shops:
D:6 =   D:7 !:


Innate Abilities, Weirdness & Mutations

You have razor-sharp teeth.
Your natural rate of healing is unusually fast.
When hurt, damage is shared between your health and your magic reserves.
Your bite disrupts and absorbs the magic of your enemies.
Potions cannot restore your health.
You are immune to rotting.
You are agile. (Dex +2)


Message History

Your shield prevents you from hitting the steam dragon.
Your bite misses the steam dragon.
The steam dragon is severely wounded.
You are engulfed in a cloud of scalding steam.
The steam dragon bites you. The steam dragon claws you.
Your shield prevents you from hitting the steam dragon.
The steam dragon is severely wounded.
You are engulfed in a cloud of scalding steam.
* * * LOW HITPOINT WARNING * * *
You block the steam dragon's attack.
The steam dragon claws you but does no damage.
The steam dragon bites you!
* * * LOW HITPOINT WARNING * * *
You block the steam dragon's attack.
You hit the steam dragon.
The steam dragon is almost dead.
You are engulfed in a cloud of scalding steam.
* * * LOW HITPOINT WARNING * * *
The steam dragon bites you.
You die...

...#.# . #..#.# #.
##....# #..
##...#.##
#..###.#..#..#
..........#..#
#...O........#####
#.###..)..........
#....@.#..รท#.####
######D#.### #
#.#.# #.# #####
#$#.###.###...##
#.#....#.......#
#.###.###...(.<#
#.# ##.#.#.....#
#.# ##.###.......
### ########


You could see a steam dragon and an ogre.

Vanquished Creatures
  The ghost of nel the Frost Mage, a novice HuIE (D:7)
  Duvessa (D:5)
  2 orc warriors
  A sky beast (D:7)
  3 phantoms
  3 ogres
  3 bullfrogs
  Dowan (D:5)
  A gnoll sergeant (D:7)
  A scorpion (D:6)
  A water moccasin skeleton (D:6)
  5 wights (D:7)
  A howler monkey (D:5)
  6 crimson imps
  2 bullfrog zombies
  A jelly (D:6)
  A hound (D:7)
  5 orc wizards
  3 bullfrog skeletons
  2 centaur skeletons (D:4)
  3 iguanas
  Natasha (thrice) (D:2)
  3 worker ants
  A hound skeleton (D:4)
  7 gnolls
  A worker ant zombie (D:6)
  9 adders
  3 river rats (D:6)
  An ooze (D:7)
  An adder zombie (D:6)
  2 worms (D:2)
  3 dart slugs
  7 leopard geckos
  19 orcs
  A ball python (D:1)
  11 bats
  3 giant cockroaches
  5 goblins
  8 hobgoblins
  2 jackals (D:2)
  3 kobolds
  4 quokkas
  4 frilled lizards
  3 goblin zombies (D:4)
  4 hobgoblin zombies (D:4)
  A kobold skeleton (D:4)
  A leopard gecko skeleton (D:4)
  2 leopard gecko zombies
  An orc skeleton (D:4)
  2 quokka skeletons
  7 rats
169 creatures vanquished.

Notes
Turn   | Place    | Note
-------+----------+-------------------------------------------
     0 | D:1      | Da5id the Vine Stalker Fighter began the quest for the Orb.
     0 | D:1      | Reached XP level 1. HP: 11/11 MP: 2/2
   458 | D:1      | Reached XP level 2. HP: 15/16 MP: 3/3
   912 | D:2      | Noticed Natasha
  1167 | D:2      | Killed Natasha
  1167 | D:2      | Reached XP level 3. HP: 2/19 MP: 4/4
  1690 | D:2      | Gained mutation: Your natural rate of healing is unusually fast. [Vine Stalker growth]
  1690 | D:2      | Reached XP level 4. HP: 17/23 MP: 5/5
  2077 | D:2      | Noticed Natasha
  2083 | D:2      | Killed Natasha
  2555 | D:2      | Noticed Natasha
  2564 | D:2      | Killed Natasha
  2564 | D:2      | Reached XP level 5. HP: 17/27 MP: 6/6
  2806 | D:3      | Reached skill level 5 in Short Blades
  2872 | D:3      | Found a faded altar of an unknown god.
  2953 | D:3      | Became a worshipper of Vehumet
  2953 | D:3      | Reached * piety under Vehumet
  2953 | D:3      | Offered knowledge of Flame Tongue by Vehumet.
  2956 | D:3      | Learned a level 1 spell: Flame Tongue
  2991 | D:4      | Reached skill level 2 in Fire Magic
  2991 | D:4      | Reached XP level 6. HP: 31/32 MP: 7/7
  3001 | D:4      | Reached skill level 3 in Fire Magic
  3702 | D:4      | Noticed a phantom
  3720 | D:4      | Noticed a phantom
  3737 | D:4      | Killed a phantom
  3737 | D:4      | Reached skill level 4 in Fire Magic
  3737 | D:4      | Reached XP level 7. HP: 26/35 MP: 8/8
  3771 | D:4      | Reached skill level 5 in Fire Magic
  4002 | D:4      | Found a glowing golden altar of the Shining One.
  4087 | D:4      | Offered knowledge of Sandblast by Vehumet.
  4088 | D:4      | Reached ** piety under Vehumet
  4313 | D:4      | Reached skill level 6 in Fire Magic
  4462 | D:5      | Entered Level 5 of the Dungeon
  4977 | D:5      | Reached skill level 7 in Fire Magic
  4977 | D:5      | Gained mutation: You have razor-sharp teeth. [Vine Stalker growth]
  4977 | D:5      | Reached XP level 8. HP: 36/39 MP: 9/9
  5161 | D:5      | Found a snail-covered altar of Cheibriados.
  5162 | D:5      | Found a hide-covered altar of Uskayaw.
  5163 | D:5      | Found a stormy altar of Qazlal.
  5163 | D:5      | Found a shadowy altar of Dithmenos.
  5164 | D:5      | Found a shattered altar of Ashenzari.
  5236 | D:5      | Noticed Duvessa
  5237 | D:5      | Noticed Dowan
  5256 | D:5      | Killed Duvessa
  5256 | D:5      | Reached skill level 8 in Fire Magic
  5265 | D:5      | Killed Dowan
  5876 | D:6      | Reached skill level 9 in Fire Magic
  6035 | D:6      | Found Kymikexu's Jewellery Shop.
  6315 | D:6      | Offered knowledge of Mephitic Cloud by Vehumet.
  6315 | D:6      | Reached XP level 9. HP: 42/43 MP: 10/10
  6320 | D:6      | Learned a level 3 spell: Mephitic Cloud
  6370 | D:6      | Found a glowing drain.
  6446 | D:6      | Reached skill level 10 in Fire Magic
  6955 | D:7      | Found a staircase to the Ecumenical Temple.
  6984 | D:7      | Noticed nel's ghost (novice HuIE)
  7013 | D:7      | Killed nel's ghost
  7013 | D:7      | Reached skill level 1 in Spellcasting
  7013 | D:7      | Reached skill level 1 in Air Magic
  7013 | D:7      | Reached skill level 1 in Poison Magic
  7136 | D:7      | Learned a level 3 spell: Tukima's Dance
  7187 | D:7      | Found Dobuyqoj's Book Emporium.
  7219 | D:7      | Reached *** piety under Vehumet
  7757 | D:7      | Found Cudin's Distillery.
  7776 | D:7      | Gained mutation: You are agile. (Dex +2) [mutagenic meat]
  7780 | D:7      | Offered knowledge of Sticky Flame by Vehumet.
  7786 | D:7      | Learned a level 4 spell: Sticky Flame
  8354 | D:7      | Found a sacrificial altar of Ru.
  8618 | D:8      | Slain by a steam dragon

Vault maps used:
D:1:      moated_graveyard_arrival, minmay_tetromino_o2
D:2:      first_bread, due_unseen_surprise, uniq_natasha
D:3:      chequers_ecumenical_altar_simple_redux
D:4:      nicolae_tso_besieged_by_evil
D:5:      minitemple, uniq_duvessa
D:6:      serial_shops, shop, gup_sewer_entry_bubbles, st_stairs_4,
          dk_rats_in_the_wall
D:7:      nicolae_ru_the_path_less_chosen, serial_shops, kennysheep_little_box,
          shop
D:8:      special_room, hangedman_ranch, nemelex_dance_club_becter,
          uniq_gastronok

Skill      XL: |  1  2  3  4  5  6  7  8  9 |
---------------+----------------------------+-----
Short Blades   | 2 3 4 5 |  5.0
Fire Magic     | 2 4 7 9 10 | 10.2
Spellcasting   | 3 |  3.1
Conjurations   | 4 |  4.3
Air Magic      | 2 |  2.5
Poison Magic   | 3 |  3.2
Fighting       | |  2.6
Armour         | |  2.4
Shields        | |  2.6

Action                   |  1- 3 |  4- 6 |  7- 9 || total
-------------------------+-------+-------+-------++-------
Melee: Rapier            |    96 |   148 |   525 ||   769
       Bite              |    25 |    34 |   164 ||   223
 Cast: Flame Tongue      |       |       |     1 ||     1
  Use: Scroll            |       |     6 |       ||     6
       Potion            |       |       |     3 ||     3
 Stab: Sleeping          |       |       |     1 ||     1
  Eat: Chunk             |     2 |     7 |    18 ||    27
Armor: Scale mail        |    40 |    38 |    65 ||   143
       Leather armour    |       |       |    69 ||    69
Dodge: Dodged            |    27 |    46 |   127 ||   200
Block: Shield            |    46 |    64 |   197 ||   307
